 Dungeon Crawl Stone Soup version 0.31-a0-876-gfe8ebadbca (webtiles) character file.

Game seed: 3833999197224187365

4246 LeprechaunX the Changeling (level 10, -4/99 HPs)
             Began as an Octopode Shapeshifter on Oct 13, 2023.
             Was a High Priest of Cheibriados.
             Slain by a skeletal warrior
             ... wielding a +0 hand axe
              (11 damage)
             ... on level 8 of the Dungeon.
             The game lasted 00:15:33 (6674 turns).

LeprechaunX the Changeling (Octopode Shapeshifter)  Turns: 6674, Time: 00:15:34

Health: -4/99      AC: 25    Str: 29    XL:     10   Next: 30%
Magic:  14/14      EV:  2    Int: 27    God:    Cheibriados [*****.]
Gold:   275        SH:  8    Dex: 22    Spells: 11/14 levels left

rFire   . .          .
                       - Unarmed
rCold   + + .        l - +2 buckler
rNeg    + . .        (helmet currently unavailable)
rPois   +            F - amulet "Lysmyhocy" {Acrobat rC+ rN+ Int+3}
rElec   .            e - ring of protection from cold
rCorr   .            (no ring)
SInv    .            (no ring)
Will    .....        (no ring)
Stlth   ++           (no ring)
HPRegen 0.36/turn    (no ring)
MPRegen 0.14/turn    (no ring)
                     (no ring)

%: acrobat
@: tree-form, very slow
A: stationary, stasis, torment immunity, boosted hp, almost no armour,
(amphibious), 8 rings, (camouflage 1), (gelatinous body 1), (nimble swimmer 1),
(tentacles)
a: Renounce Religion, Bend Time, Temporal Distortion, Slouch, Step From Time


You were on level 8 of the Dungeon.
You worshipped Cheibriados.
Cheibriados was extremely pleased with you.
You were a tree.
You visited 1 branch of the dungeon, and saw 8 of its levels.

You collected 275 gold pieces.

Inventory:

Hand Weapons
 a - a +0 sling of freezing
 H - a +0 demon whip of venom
Armour
 l - a +2 buckler (worn)
Jewellery
 e - a ring of protection from cold (left branch)
 j - an amulet of regeneration
 q - an amulet of magic regeneration
 v - an amulet of the acrobat
 B - an amulet of reflection
 F - the amulet "Lysmyhocy" (around neck) {Acrobat rC+ rN+ Int+3}
   (You found it on level 7 of the Dungeon)

   [amulet of the acrobat]

   Acrobat:   It increases your evasion while moving and waiting.
   Int+3:     It affects your intelligence (+3).
   rC+:       It protects you from cold.
   rN+:       It protects you from negative energy.
Talismans
 b - a beast talisman
 c - a flux talisman
 t - a serpent talisman
Wands
 E - a wand of charming (13)
 I - a wand of flame (15)
Scrolls
 m - a scroll of revelation
 p - 7 scrolls of teleportation
 u - a scroll of torment {unknown}
 y - 3 scrolls of enchant weapon
 z - 2 scrolls of poison {unknown}
 A - a scroll of butterflies {unknown}
 D - a scroll of noise {unknown}
 G - a scroll of fear {unknown}
 J - a scroll of amnesia {unknown}
Potions
 g - 2 potions of magic {unknown}
 h - 6 potions of curing
 i - 3 potions of enlightenment {unknown}
 k - 4 potions of cancellation
 n - a potion of brilliance {unknown}
 o - a potion of might {unknown}
 r - a potion of lignification
 s - a potion of haste {unknown}
 w - a potion of invisibility {unknown}
 x - a potion of attraction {unknown}
 C - a potion of ambrosia {unknown}


   Skills:
 + Level 5.5 Fighting
 - Level 5.0 Dodging
 - Level 5.0 Shields
 - Level 6.0 Unarmed Combat
 + Level 2.7 Spellcasting
 + Level 3.1 Ice Magic
 + Level 5.2 Invocations
 * Level 7.9 Shapeshifting


You had 11 spell levels left.
You knew the following spells:

 Your Spells              Type           Power      Damage    Failure   Level
a - Ozocubu's Armour      Ice            20%        N/A       9%          3

Your spell library contained the following spells:

 Spells                   Type           Power      Damage    Failure   Level
 Freeze                   Ice            80%        1d9       3%          1
 Ensorcelled Hibernation  Hex/Ice        24%        N/A       9%          2
 Frozen Ramparts          Ice            40%        1d7       9%          3
 Slow                     Hex            12%        N/A       11%         1
 Passwall                 Tmut/Erth      2%         N/A       16%         2
 Poisonous Vapours        Pois/Air       6%         N/A       16%         2
 Hailstorm                Conj/Ice       12%        3d5       16%         3
 Confusing Touch          Hex            3%         N/A       30%         3
 Mephitic Cloud           Conj/Pois/Air  3%         N/A       30%         3
 Sigil of Binding         Hex            3%         N/A       30%         3
 Summon Guardian Golem    Hex/Summ       3%         N/A       30%         3
 Swiftness                Air            3%         N/A       30%         3
 Tukima's Dance           Hex            3%         N/A       30%         3
 Vampiric Draining        Necr           3%         2d6       30%         3
 Dimensional Bullseye     Hex/Tloc       1%         N/A       71%         4
 Iskenderun's Mystic Bla  Conj/Tloc      3%         2d3       71%         4
 Freezing Cloud           Conj/Ice/Air   4%         6-21      88%         5
 Orb of Destruction       Conj           1%         9d5       100%        7
 Ozocubu's Refrigeration  Ice            10%        4d9       100%        7
 Spellforged Servitor     Conj/Summ      1%         N/A       100%        7


Dungeon Overview and Level Annotations

Branches:
Dungeon (8/15)             Temple (0/1) D:6
   Lair: D:8-11

Altars:
Cheibriados
Kikubaaqudgha
Makhleb
Vehumet
Xom
The Shining One

Shops:
D:1 :   D:8 !

Annotations:
D:1 1 transporter
D:7 1 runed translucent door, Crazy Yiuf


Innate Abilities, Weirdness & Mutations

You are a tree.
Your roots penetrate the ground, keeping you stationary.
You cannot be teleported.
You are immune to unholy pain and torment.
Your maximum health is greatly increased.
You cannot wear most types of armour.
((You are amphibious.))
You can wear up to eight rings at the same time.
((Your skin changes colour to match your surroundings (Stealth+).))
((Your rubbery body absorbs attacks. (AC +1, EV +1)))
((You are camouflaged when in or above water. (Stealth+)))
((You have tentacles for arms and can constrict up to eight enemies at once.))


Message History

Your Shields skill increases to level 5!
Your Ice Magic skill increases to level 3!
You hit the skeletal warrior but do no damage.
You block the skeletal warrior's attack.
You barely miss the skeletal warrior.
The skeletal warrior hits you but does no damage.
You smack the skeletal warrior!
The skeletal warrior is moderately damaged.
The skeletal warrior hits you but does no damage.
You smack the skeletal warrior!
The skeletal warrior is heavily damaged.
You block the skeletal warrior's attack.
You smack the skeletal warrior!
The skeletal warrior is heavily damaged.
You block the skeletal warrior's attack.
You hit the skeletal warrior but do no damage.
Your punch misses the skeletal warrior.
The skeletal warrior is heavily damaged.
You barely miss the skeletal warrior.
The skeletal warrior is heavily damaged.
The skeletal warrior hits you but does no damage.
You hit the skeletal warrior but do no damage.
The skeletal warrior is heavily damaged.
The skeletal warrior hits you with a +0 hand axe!
* * * LOW HITPOINT WARNING * * *
You hit the skeletal warrior but do no damage.
The skeletal warrior is heavily damaged.
The skeletal warrior hits you with a +0 hand axe!
* * * LOW HITPOINT WARNING * * *
You hit the skeletal warrior.
The skeletal warrior is heavily damaged.
The skeletal warrior hits you with a +0 hand axe.
* * * LOW HITPOINT WARNING * * *
You closely miss the skeletal warrior.
The skeletal warrior is heavily damaged.
The skeletal warrior hits you but does no damage.
You closely miss the skeletal warrior.
The skeletal warrior is heavily damaged.
The skeletal warrior hits you with a +0 hand axe!
You die...

#.. #.#.#..~.....'.))#
#)## #.
#.#.#........#######).. #
#.#..................
#.#........#.........
#.#.)......#.........
#######..#.#####......)..
##8.8##...#.# #.......~)
#..)..###z#.# #......)).
#.....#.)♣#.# #.........
#.###...######§#
##.....#.. #.# #⌠.⌠# #.#
#.....#.. #.# #...#
##.#### #.....#.. #.#
#⌠.⌠# #.....# #########
#.# #.).# #z....# #.#
##.## #.....# #)# #.#
#.....# #)####.# #.....#


You could see a skeletal warrior.

Vanquished Creatures
  2 skeletal warriors (D:8)
  Joseph (D:7)
  Jeremiah (D:7)
  A meliai (D:8)
  A steam dragon (D:6)
  Duvessa (D:7)
  3 water moccasins
  3 sky beasts (D:6)
  A kobold brigand (D:8)
  2 gnoll sergeants
  A bullfrog (D:7)
  3 scorpions
  Dowan (D:7)
  3 killer bees (D:7)
  5 howler monkeys
  3 jellies
  An orc priest (D:8)
  4 iguanas
  6 orc wizards
  Robin (D:3)
  10 gnolls
  9 adders
  2 shadow imps
  3 white imps
  3 ufetubi
  A worm (D:5)
  3 dart slugs
  25 orcs
  8 ball pythons
  2 bats
  4 endoplasms
  8 giant cockroaches
  10 hobgoblins
  4 jackals (D:3)
  5 quokkas
  2 frilled lizards (D:1)
  18 goblins
  15 kobolds
  4 rats
180 creatures vanquished.

Notes
Turn   | Place    | Note
-------+----------+-------------------------------------------
     0 | D:1      | LeprechaunX the Octopode Shapeshifter began the quest for
                  | the Orb.
     0 | D:1      | Reached XP level 1. HP: 13/13 MP: 1/1
    51 | D:1      | Found Coewuno's Book Emporium.
   124 | D:1      | Reached XP level 2. HP: 18/18 MP: 2/2
   769 | D:1      | Reached XP level 3. HP: 23/23 MP: 3/3
  1013 | D:2      | Found a burning altar of Makhleb.
  1128 | D:2      | Reached XP level 4. HP: 25/29 MP: 4/4
  1347 | D:3      | Found a faded altar of an unknown god.
  1368 | D:3      | Reached skill level 1 in Shields
  1368 | D:3      | Reached XP level 5. HP: 28/34 MP: 5/5
  1490 | D:3      | Found a glowing golden altar of the Shining One.
  1629 | D:3      | Noticed Robin
  1641 | D:3      | Reached skill level 4 in Shapeshifting
  1660 | D:3      | Killed Robin
  2017 | D:3      | Found an ancient bone altar of Kikubaaqudgha.
  2017 | D:3      | Found a faded altar of an unknown god.
  2025 | D:3      | Found a shimmering altar of Xom.
  2027 | D:3      | Found a faded altar of an unknown god.
  2029 | D:3      | Found a radiant altar of Vehumet.
  2286 | D:3      | Prayed at the altar of an unknown god.
  2286 | D:3      | Became a worshipper of Cheibriados the Contemplative
  2286 | D:3      | Reached * piety under Cheibriados
  2503 | D:4      | Reached XP level 6. HP: 41/41 MP: 6/6
  2512 | D:4      | Reached skill level 1 in Invocations
  2600 | D:4      | Reached ** piety under Cheibriados
  2806 | D:5      | Entered Level 5 of the Dungeon
  3094 | D:5      | Reached XP level 7. HP: 28/45 MP: 8/8
  3306 | D:5      | Reached *** piety under Cheibriados
  3312 | D:5      | Reached skill level 5 in Shapeshifting
  3477 | D:6      | Found a staircase to the Ecumenical Temple.
  3552 | D:6      | Noticed a steam dragon
  3642 | D:6      | Reached XP level 8. HP: 23/52 MP: 9/9
  3855 | D:6      | HP: 2/54 [sky beast (5)]
  4155 | D:7      | Reached **** piety under Cheibriados
  4156 | D:7      | Reached skill level 5 in Unarmed Combat
  4156 | D:7      | Reached skill level 6 in Shapeshifting
  4280 | D:7      | Noticed Duvessa
  4283 | D:7      | Noticed Dowan
  4294 | D:7      | Killed Duvessa
  4298 | D:7      | Killed Dowan
  4299 | D:7      | Reached XP level 9. HP: 23/55 MP: 11/11
  4357 | D:7      | Learned a level 3 spell: Ozocubu's Armour
  4483 | D:7      | Noticed Joseph
  4495 | D:7      | Killed Joseph
  4496 | D:7      | Reached skill level 5 in Dodging
  4496 | D:7      | Reached skill level 1 in Spellcasting
  4496 | D:7      | Reached skill level 1 in Ice Magic
  4501 | D:7      | Identified the amulet "Lysmyhocy" {Acrobat rC+ rN+ Int+3}
  4774 | D:7      | Found a runed translucent door.
  4775 | D:7      | Noticed Crazy Yiuf
  4851 | D:7      | Noticed Jeremiah
  4862 | D:7      | Killed Jeremiah
  5542 | D:8      | Noticed a meliai
  5546 | D:8      | Killed a meliai
  5547 | D:8      | Reached skill level 7 in Shapeshifting
  5558 | D:8      | HP: 3/60 [poisoned by a meliai]
  5563 | D:8      | HP: 1/60 [poisoned by a meliai]
  5823 | D:8      | Noticed a skeletal warrior
  5825 | D:8      | Noticed a skeletal warrior
  5843 | D:8      | Killed a skeletal warrior
  5844 | D:8      | Reached skill level 5 in Fighting
  5844 | D:8      | Reached XP level 10. HP: 5/66 MP: 13/13
  6056 | D:8      | Reached ***** piety under Cheibriados
  6230 | D:8      | Found Sonekud's Distillery.
  6279 | D:8      | HP: 1/66 [skeletal warrior/+0 hand axe (7)]
  6561 | D:8      | Reached skill level 5 in Invocations
  6634 | D:8      | Noticed a skeletal warrior
  6662 | D:8      | Killed a skeletal warrior
  6663 | D:8      | Reached skill level 5 in Shields
  6674 | D:8      | Slain by a skeletal warrior

Illustrated notes

Levels and vault maps discovered:
D:1:      spicycebolla_arrival_risky_transporter, layout_basic, serial_shops,
          shop
D:2:      layout_basic, basic_altar
D:3:      layout_loops_ring, chequers_temple_overflow_minitemple,
          nicolae_tso_carved_into_rock, hellmonk_ecumenical_altar_zigzags,
          uniq_robin
D:4:      layout_rooms
D:5:      layout_loops_cross
D:6:      layout_rooms, minmay_temple_entry_mist
D:7:      layout_loops_ring, uniq_jeremiah, uniq_joseph,
          uniq_crazy_yiuf_cottage, uniq_duvessa
D:8:      layout_basic, serial_shops, nicolae_shop_real_fake_doors,
          small_chamber_with_monster, chequers_garden

Skill      XL: |  1  2  3  4  5  6  7  8  9 10 |
---------------+-------------------------------+-----
Fighting       | 2 3 4 5 |  5.5
Shields        | 1 2 3 4 5 |  5.0
Shapeshifting  | 4 5 6 7 |  7.9
Dodging        | 3 4 5 |  5.0
Invocations    | 1 2 3 4 5 |  5.2
Unarmed Combat | 4 5 6 |  6.0
Spellcasting   | 2 |  2.7
Ice Magic      | 2 3 |  3.1

Action                     |  1- 3 |  4- 6 |  7- 9 | 10-12 || total
---------------------------+-------+-------+-------+-------++-------
  Melee: Unarmed           |    50 |   148 |   174 |    50 ||   422
         Constrict         |    15 |    47 |    42 |     7 ||   111
         Tentacles         |    10 |    29 |    48 |     8 ||    95
         Punch             |     1 |       |    11 |     2 ||    14
   Fire: Sling             |       |       |    10 |     9 ||    19
  Throw: Throwing net      |       |       |     1 |       ||     1
 Invoke: Bend Time         |       |       |     1 |     3 ||     4
    Use: Scroll            |       |       |       |     9 ||     9
         Potion            |       |       |       |     1 ||     1
   Stab: Sleeping          |    10 |     8 |    11 |       ||    29
 Armour: Skin              |    14 |    67 |    71 |    37 ||   189
  Dodge: Dodged            |    20 |    67 |    91 |    21 ||   199
  Block: Buckler           |     3 |    45 |    59 |    24 ||   131

Table legend: (Time is in decaauts)
 A = Elapsed time spent in this place.
 B = Non-inter-level travel time spent in this place.
 C = Inter-level travel time spent in this place.
 D = Time resting spent in this place.
 E = Time spent auto-exploring this place.
 F = Levels seen in this place.
 G = Mean time per level.
                   A        B        C        D        E       F      G
               +--------+--------+--------+--------+--------+-----+--------+
         Total |   8541 |   7696 |    845 |    640 |   5465 |   8 | 1067.6 |
       Dungeon |   8541 |   7696 |    845 |    640 |   5465 |   8 | 1067.6 |
               +--------+--------+--------+--------+--------+-----+--------+

Top non-repeatable levels by time:
     D:8: 2047 daAuts
     D:7: 1576 daAuts
     D:3: 1155 daAuts
     D:1: 986 daAuts
     D:5: 974 daAuts
     D:6: 954 daAuts
     D:4: 528 daAuts
     D:2: 318 daAuts
